 Dungeon Crawl Stone Soup version 0.23-a0-208-gb6b040f (webtiles) character file.

56 Felrender the Covered (level 3, -10/29 HPs)
             Began as a Demonspawn Fighter on Sept 24, 2018.
             Mangled by a gnoll
             ... wielding a cursed +0 flail
              (13 damage)
             ... on level 1 of the Dungeon.
             The game lasted 00:02:37 (1638 turns).

Felrender the Covered (Demonspawn Fighter)          Turns: 1638, Time: 00:02:38

Health: -10/29     AC:  6    Str: 22    XL:     3   Next: 69%
Magic:  3/3        EV:  7    Int:  9    God:
Gold:   83         SH:  9    Dex: 12    Spells: 2/2 levels left

rFire    . . .     SeeInvis .   a - +0 long sword
rCold    . . .     Gourm    .   c - +0 shield
rNeg     . . .     Faith    .   b - +0 scale mail
rPois    .         Spirit   .   (no helmet)
rElec    .         Reflect  .   (no cloak)
rCorr    .         Harm     .   (no gloves)
MR       .....                  (no boots)
Stlth    ..........             (no amulet)
HPRegen  0.09/turn              (no ring)
MPRegen  0.08/turn              (no ring)

@: mighty
A: foul stench 1, rot immunity
a: no special abilities


You were on level 1 of the Dungeon.
You were hungry.

You visited 1 branch of the dungeon, and saw 2 of its levels.

You collected 83 gold pieces.

Inventory:

Hand Weapons
 a - a +0 long sword (weapon)
Armour
 b - a +0 scale mail (worn)
 c - a +0 shield (worn)
Jewellery
 g - an uncursed ring of fire
Scrolls
 e - a scroll of enchant weapon {unknown}
 i - a scroll of remove curse {unknown}
Comestibles
 f - 3 rations


   Skills:
 + Level 3.2 Fighting
 + Level 2.4 Long Blades
 + Level 3.3 Armour
 + Level 0.2 Dodging
 + Level 3.0 Shields


You had 2 spell levels left.
You didn't know any spells.
Your spell library was empty.

Dungeon Overview and Level Annotations

Branches:
Dungeon (2/15)

Altars:
Ashenzari
The Shining One


Innate Abilities, Weirdness & Mutations

You may emit foul miasma when damaged in melee.
You are immune to rotting.


Message History

* * * LOW HITPOINT WARNING * * *
You barely miss the gnoll.
The gnoll is heavily wounded.
You block the gnoll's attack.
Your shield and scale mail prevent you from hitting the gnoll.
The gnoll is heavily wounded.
You block the gnoll's attack.
You closely miss the gnoll.
The gnoll is heavily wounded.
The gnoll completely misses you. The gnoll hits you with a flail.
* * * LOW HITPOINT WARNING * * *
Sorry, you're not good enough to have a special ability.
There is a stone staircase leading up here.
The gnoll hits you but does no damage.
The gnoll looks sick.
You climb upwards.
There is a stone staircase leading down here.
You barely miss the gnoll.
The gnoll is heavily wounded.
The gnoll hits you with a flail!
You die...

..# #.###'#.........[.# #.#
### #.# #.#........##.# #.#
#.###.###.#....##.# #.#
###...............#.# #.#
#...###.#......#..#.# #.#
####...# #...........#.#####.#
...#...# ###.#.......#.......#
...#...#####.#.###############
....)...........@g....#
...#...#.###.#.######.#
####...#.# #.#.######.# #
#...#.# #.#........# ##
#...#.# #......#####
.#######.########.#
........(......##.#
.......#(#####....# .......#.#
######


You could see a gnoll.

Vanquished Creatures
  An adder (D:2)
  An ooze (D:2)
  A worm (D:2)
  A leopard gecko (D:1)
  6 giant cockroaches
  6 goblins
  6 hobgoblins
  5 kobolds
  5 bats
  2 frilled lizards (D:1)
  2 rats (D:2)
36 creatures vanquished.

Notes
Turn   | Place    | Note
-------+----------+-------------------------------------------
     0 | D:1      | Felrender the Demonspawn Fighter began the quest for the
                  | Orb.
     0 | D:1      | Reached XP level 1. HP: 18/18 MP: 1/1
   244 | D:1      | Gained mutation: You are immune to rotting. [demonic
                  | ancestry]
   244 | D:1      | Reached XP level 2. HP: 4/24 MP: 2/2
  1088 | D:2      | Gained mutation: You may emit foul miasma when damaged in
                  | melee. [demonic ancestry]
  1088 | D:2      | Reached XP level 3. HP: 29/29 MP: 3/3
  1522 | D:2      | Found a shattered altar of Ashenzari.
  1599 | D:2      | Found a glowing golden altar of the Shining One.
  1638 | D:1      | Mangled by a gnoll

Vault maps used:
D:1:      ebering_hopf_link, hangedman_decor_growths
D:2:      tso_metal_star, ashenzari_conservatory_becter, uniq_robin,
          uniq_natasha

Skill      XL: |  1  2  3 |
---------------+----------+-----
Long Blades    | 2 |  2.4
Armour         | 3 |  3.3
Shields        | 3 |  3.0
Fighting       | |  3.2
Dodging        | |  0.2

Action                   || total
-------------------------++-------
Melee: Long sword        ||   130
  Use: Scroll            ||     4
       Potion            ||     1
  Eat: Chunk             ||     2
Armor: Scale mail        ||    67
Dodge: Dodged            ||    35
Block: Shield            ||    79
       Rpst.: Long sword ||    17

Table legend:
 A = Non-vault XP
 B = Vault XP
 C = Vault XP percentage of total XP
 D = Non-vault monster count
 E = Vault monster count
 F = Vault count percentage of total count
                 A         B        C        D         E       F
            +---------+---------+-------+---------+---------+-------
      Total |      80 |       0 |   0.0 |      36 |       0 |   0.0
            +---------+---------+-------+---------+---------+-------
        D:1 |      36 |       0 |   0.0 |      21 |       0 |   0.0
        D:2 |      44 |       0 |   0.0 |      15 |       0 |   0.0
            +---------+---------+-------+---------+---------+-------
